 Dungeon Crawl Stone Soup version 0.22-a0-136-g83a10e5 (webtiles) character file.

8 varam the Grave Robber (level 2, 0/19 HPs)
             Began as a Mummy Necromancer on Feb 2, 2018.
             Slain by a kobold
             ... wielding a +0 short sword
              (4 damage)
             ... on level 1 of the Dungeon.
             The game lasted 00:01:31 (274 turns).

varam the Grave Robber (Mummy Necromancer)           Turns: 274, Time: 00:01:31

Health: 0/19       AC:  2    Str: 11    XL:     2   Next: 0%
Magic:  2/5        EV: 12    Int: 14    God:
Gold:   9          SH:  0    Dex: 12    Spells: 4/6 levels left

rFire    x . .     SeeInvis .   (no weapon)
rCold    + . .     Gourm    .   (no shield)
rNeg     + + +     Faith    .   a - +0 robe
rPois    ∞         Spirit   .   (no helmet)
rElec    .         Reflect  .   (no cloak)
rCorr    .         Harm     .   (no gloves)
MR       .....                  (no boots)
Stlth    ++........             (no amulet)
HPRegen  0.06/turn              (no ring)
MPRegen  0.09/turn              (no ring)

@: no status effects
A: no food or potions, fire vulnerability, cold resistance 1, negative energy
resistance 3, torment resistance, unbreathing
a: no special abilities


You were on level 1 of the Dungeon.
You were not hungry.

You visited 1 branch of the dungeon, and saw 2 of its levels.

You collected 9 gold pieces.

Inventory:

Armour
 a - a +0 robe (worn)
Scrolls
 c - a scroll of enchant armour {unknown}
Books
 b - a book of Necromancy

   Spells                             Type                      Level
   a - Pain                           Necromancy                   1
   b - Animate Skeleton               Necromancy                   1
   c - Vampiric Draining              Necromancy                   3
   d - Regeneration                   Charms/Necromancy            3
   e - Animate Dead                   Necromancy                   4


   Skills:
 - Level 1.5 Dodging
 - Level 1.5 Stealth
 - Level 2.6 Spellcasting
 + Level 4.4 Necromancy


You had 4 spell levels left.
You knew the following spells:

 Your Spells              Type           Power        Failure   Level  Hunger
a - Pain                  Necr           ##..         3%          1    N/A
b - Animate Skeleton      Necr           N/A          3%          1    N/A

Dungeon Overview and Level Annotations

Branches:
Dungeon (2/15)

Altars:


Innate Abilities, Weirdness & Mutations

You do not eat or drink.
Your flesh is vulnerable to fire.
You are immune to poison.
Your flesh is cold resistant. (rC+)
You are immune to negative energy. (rN+++)
You are immune to unholy pain and torment.
You can survive without breathing.


Message History

Memorise Animate Skeleton, consuming 1 spell level and leaving 4?
You start memorising the spell.
You continue memorising.
You finish memorising.
Spell assigned to 'b'.
There is a stone staircase leading down here.
You see here a pair of gloves.
A kobold comes into view. It is wielding a short sword.
The kobold shouts!
You hear a shout!
You hit the kobold but do no damage. The kobold hits you but does no damage.
A hobgoblin comes into view.
The kobold hits you with a short sword.
* * * LOW HITPOINT WARNING * * *
Casting: Pain (safe; 3% risk of failure)
Confirm with . or Enter, or press ? or * to list all spells.
Aiming: Pain (safe; 3% risk of failure)
Press: ? - help, Shift-Dir - straight line, f - kobold
Aim: a kobold, wielding a short sword (chance to defeat MR: 85%)
The kobold barely resists.
The jackal barks!
The kobold hits you with a short sword.
You die...

#
##...>.##.##...
###
#.##.[.....#
#...
#..........#
#...
####.......#
#... #
##$.....# #...
##.g.#....#..
##.##..#....
#.###...#.#
#.K@.......
###########


You could see a kobold.

Vanquished Creatures
  A giant cockroach (D:1)
  A hobgoblin (D:1)
  A jackal (D:1)
  A kobold (D:1)
  A bat (D:1)
  A frilled lizard (D:1)
  2 rats (D:1)
8 creatures vanquished.

Notes
Turn   | Place    | Note
-------+----------+-------------------------------------------
     0 | D:1      | varam the Mummy Necromancer began the quest for the Orb.
     0 | D:1      | Reached XP level 1. HP: 13/13 MP: 4/4
   255 | D:1      | Reached XP level 2. HP: 6/19 MP: 1/5
   258 | D:1      | Learned a level 1 spell: Animate Skeleton
   274 | D:1      | Slain by a kobold

Vault maps used:
D:1:      minmay_arrival_radiant_lines, minmay_misc_feat_columns
D:2:      elyvilon_altar_5, nicolae_overflow_crystal_walls,
          lemuel_coloured_pillars_altar, old_standard_altar, first_ration

Action                   || total
-------------------------++-------
Melee: Unarmed           ||     3
 Cast: Pain              ||    14
Armor: Robe              ||     7
Dodge: Dodged            ||    25

Table legend:
 A = Spawn XP
 B = Non-spawn XP
 C = Spawn XP percentage of total XP
 D = Spawn monster count
 E = Non-spawn monster count
 F = Spawn count percentage of total count
 G = Total turns spent on level
                    A         B        C        D         E        F      G
               +---------+---------+-------+---------+---------+-------+---------
         Total |       0 |      12 |   0.0 |       0 |       8 |   0.0 |   274
               +---------+---------+-------+---------+---------+-------+---------
           D:1 |       0 |      12 |   0.0 |       0 |       8 |   0.0 |   264
               +---------+---------+-------+---------+---------+-------+---------
